 Dungeon Crawl Stone Soup version 0.22-a0-246-gdc04c06 (webtiles) character file.

9673 wolfsongas the Fighter (level 11, -5/95 HPs)
             Began as a Gnoll Wanderer on Feb 23, 2018.
             Was an Initiate of Gozag.
             Slain by a stone giant (9 damage)
             ... on level 10 of the Dungeon.
             The game lasted 00:19:52 (8778 turns).

wolfsongas the Fighter (Gnoll Wanderer)             Turns: 8778, Time: 00:19:53

Health: -5/95      AC: 16    Str: 21    XL:     11   Next: 50%
Magic:  20/20      EV: 10    Int: 11    God:    Gozag
Gold:   994        SH:  0    Dex: 15    Spells: 22/22 levels left

rFire    . . .     SeeInvis .   H - +4 triple sword
rCold    + . .     Gourm    .   (shield currently unavailable)
rNeg     . . .     Faith    .   j - +1 plate armour
rPois    .         Spirit   .   (no helmet)
rElec    .         Reflect  .   (no cloak)
rCorr    .         Harm     .   e - +0 pair of gloves
MR       +....                  n - +0 pair of boots
Stlth    ..........             t - amulet of regeneration
HPRegen  0.65/turn              E - ring of protection from magic
MPRegen  0.17/turn              y - ring of protection from cold

@: lethally poisoned (-5 -> -11), gold aura, very slightly contaminated,
invisible
A: distributed training, fangs 1, strong nose
a: Potion Petition, Call Merchant, Bribe Branch, Renounce Religion


You were on level 10 of the Dungeon.
You worshipped Gozag.
Gozag was pleased with you.
You were not hungry.

You visited 2 branches of the dungeon, and saw 11 of its levels.
You also visited: Ossuary.

You collected 1242 gold pieces.
You spent 120 gold pieces at shops.
You paid 128 gold pieces to Gozag.

Inventory:

Hand Weapons
 g - a +0 rapier
 h - a +3 dagger of venom
 l - the +4 dagger of Harmony {holy, Str+2 Int+6}
   (You found it on level 4 of the Dungeon)

   It has been blessed by the Shining One to cause great damage to the undead
   and demons.
   It affects your strength (+2).
   It affects your intelligence (+6).
 H - a +4 triple sword (weapon)
Armour
 d - a +0 buckler
 e - a +0 pair of gloves (worn)
 j - a +1 plate armour (worn)
 n - a +0 pair of boots (worn)
Jewellery
 t - an amulet of regeneration (around neck)
 y - a ring of protection from cold (right hand)
 z - an uncursed ring of magical power
 E - a ring of protection from magic (left hand)
 I - an uncursed ring of flight
Wands
 o - a wand of paralysis (25)
 v - a wand of flame (47)
 x - a wand of digging (14)
 A - a wand of polymorph (10)
 C - a wand of iceblast (8)
 G - a wand of enslavement (29)
Scrolls
 a - 2 scrolls of blinking
 m - a scroll of fear
 q - 5 scrolls of remove curse
 s - 6 scrolls of teleportation
 w - a scroll of amnesia
 B - a scroll of enchant armour
 D - 3 scrolls of identify
Potions
 b - a potion of invisibility
 c - 5 potions of curing
 i - 3 potions of lignification
 k - 3 potions of flight
 p - a potion of cancellation
 r - 2 potions of magic
 u - 2 potions of brilliance
Comestibles
 f - 21 rations


   Skills:
 + Level 11.9 Fighting
 + Level 6.2 Short Blades
 + Level 6.2 Long Blades
 + Level 6.2 Axes
 + Level 6.2 Maces & Flails
 + Level 6.2 Polearms
 + Level 6.2 Staves
 + Level 6.2 Slings
 + Level 6.2 Bows
 + Level 6.2 Crossbows
 + Level 6.8 Throwing
 + Level 6.2 Armour
 + Level 6.8 Dodging
 + Level 6.7 Stealth
 + Level 6.8 Shields
 + Level 6.8 Unarmed Combat
 + Level 6.2 Spellcasting
 + Level 5.1 Conjurations
 + Level 5.1 Hexes
 + Level 5.1 Charms
 + Level 5.1 Summonings
 + Level 5.1 Necromancy
 + Level 5.1 Translocations
 + Level 5.1 Transmutations
 + Level 5.1 Fire Magic
 + Level 5.1 Ice Magic
 + Level 5.1 Air Magic
 + Level 5.1 Earth Magic
 + Level 5.1 Poison Magic
 + Level 6.8 Invocations
 + Level 6.2 Evocations


You had 22 spell levels left.
You didn't know any spells.

Dungeon Overview and Level Annotations

Branches:
Dungeon (10/15)            Temple (1/1) D:6            Lair (0/6) D:9
    Orc: D:9-12

Altars:
Ashenzari
Cheibriados
Dithmenos
Elyvilon
Fedhas
Gozag
Kikubaaqudgha
Makhleb
Nemelex Xobeh
Okawaru
Qazlal
Ru
Sif Muna
Trog
Uskayaw
Vehumet
Wu Jian
Xom
Zin
The Shining One

Shops:
D:5 [   D:9 (


Innate Abilities, Weirdness & Mutations

Your experience applies equally to all skills.
You have very sharp teeth.
Your uncanny sense of smell can sniff out nearby items.


Message History

The wolf spider closely misses you.
The stone giant throws a large rock.
The large rock hits the wolf spider!!
The wolf spider dies!
You feel very sick. The stone giant hits you!!
* * * LOW HITPOINT WARNING * * *
Things that are here:
4 gold pieces; a large rock You are too injured to fight recklessly!
You completely miss the stone giant.
You feel very sick. The stone giant closely misses you.
You slash the stone giant!
The stone giant is lightly wounded.
You feel very sick. The stone giant hits you!!
* * * LOW HITPOINT WARNING * * *
The stone giant hits you!
You die...
Your body crumbles into a pile of gold.

#.##...##.#....
#..##.##..#....
##.......##....
####+#####.... #.... #
#.... ##. ## #....
##}:}##.# +##."⌠[C@#+
#.##}:[##(# #.##.##.##
#.###.## #.#.##
#####'#########+####
#.........##.#...#.##. #.
#.........#...#.#...#.##.
#.........##.#.#.#.##....


You could see a stone giant.

Vanquished Creatures
  A fire dragon (D:10)
  A two-headed ogre (D:7)
  The ghost of blobert the Basher, a novice GrFi of Okawaru (D:8)
  The ghost of blobert the Basher, a novice GrFi of Okawaru (D:6)
  A komodo dragon (D:9)
  Grinder (D:3)
  2 hippogriffs
  2 wyverns
  A yak (D:10)
  Eustachio (D:6)
  4 hogs (D:7)
  A steam dragon (D:9)
  A hungry ghost (D:8)
  A human (D:7)
  Menkaure (D:7)
  3 water moccasins
  An orc warrior (D:8)
  A phantom (D:4)
  2 sky beasts (D:5)
  A hornet zombie (D:7)
  A black bear (D:10)
  A necrophage (D:9)
  2 ogres
  3 centaurs
  A crocodile (D:8)
  4 big kobolds (D:5)
  Blork the orc (D:6)
  5 bullfrogs
  A wyvern zombie (Ossuary)
  A water moccasin zombie (Ossuary)
  2 scorpions (D:9)
  7 howler monkeys
  A bullfrog zombie (Ossuary)
  4 crimson imps
  A centaur zombie (D:6)
  2 hounds
  2 jellies
  4 orc priests
  2 centaur skeletons
  A bullfrog skeleton (D:7)
  An iguana (D:4)
  3 orc wizards
  7 worker ants
  4 killer bee zombies
  5 hound zombies (Ossuary)
  11 mummies (Ossuary)
  3 howler monkey zombies
  6 worker ant zombies
  11 gnolls
  5 adders
  2 shadow imps
  2 oozes
  2 adder skeletons
  2 adder zombies (Ossuary)
  5 worms
  2 dart slugs (D:2)
  7 leopard geckos
  17 orcs
  A ball python (D:3)
  4 bats
  11 giant cockroaches
  30 goblins
  26 hobgoblins
  6 jackals
  5 quokkas
  3 frilled lizards
  2 giant cockroach zombies (Ossuary)
  2 goblin zombies (D:6)
  16 kobolds
  A leopard gecko skeleton (D:6)
  2 orc zombies (D:6)
  5 rats
283 creatures vanquished.

Vanquished Creatures (others)
  A wolf spider (D:10)
  A plant (D:9)
  A withered plant (Ossuary)
3 creatures vanquished.

Grand Total: 286 creatures vanquished

Notes
Turn   | Place    | Note
-------+----------+-------------------------------------------
     0 | D:1      | Reached skill level 10 in Fighting
     0 | D:1      | wolfsongas the Gnoll Wanderer began the quest for the Orb.
     0 | D:1      | wolfsongas set off with: a +2 dagger, a potion of heal wounds, a potion of curing, a +0 buckler, a +0 robe, a ration
     0 | D:1      | Reached XP level 1. HP: 28/28 MP: 1/1
   176 | D:1      | Reached XP level 2. HP: 32/36 MP: 2/2
   580 | D:2      | Reached XP level 3. HP: 22/42 MP: 3/3
   953 | D:2      | Reached skill level 1 in Invocations
   991 | D:2      | Reached skill level 1 in Short Blades
   991 | D:2      | Reached skill level 1 in Long Blades
   991 | D:2      | Reached skill level 1 in Axes
   991 | D:2      | Reached skill level 1 in Maces & Flails
   991 | D:2      | Reached skill level 1 in Polearms
   991 | D:2      | Reached skill level 1 in Staves
   991 | D:2      | Reached skill level 1 in Slings
   991 | D:2      | Reached skill level 1 in Bows
   991 | D:2      | Reached skill level 1 in Crossbows
   991 | D:2      | Reached skill level 1 in Armour
   991 | D:2      | Reached skill level 1 in Spellcasting
   991 | D:2      | Reached skill level 1 in Evocations
  1116 | D:2      | Reached XP level 4. HP: 43/48 MP: 3/5
  1274 | D:3      | Noticed Grinder
  1289 | D:3      | Killed Grinder
  1289 | D:3      | Reached skill level 1 in Conjurations
  1289 | D:3      | Reached skill level 1 in Hexes
  1289 | D:3      | Reached skill level 1 in Charms
  1289 | D:3      | Reached skill level 1 in Summonings
  1289 | D:3      | Reached skill level 1 in Necromancy
  1289 | D:3      | Reached skill level 1 in Translocations
  1289 | D:3      | Reached skill level 1 in Transmutations
  1289 | D:3      | Reached skill level 1 in Fire Magic
  1289 | D:3      | Reached skill level 1 in Ice Magic
  1289 | D:3      | Reached skill level 1 in Air Magic
  1289 | D:3      | Reached skill level 1 in Earth Magic
  1289 | D:3      | Reached skill level 1 in Poison Magic
  1289 | D:3      | Reached XP level 5. HP: 54/54 MP: 4/7
  1289 | D:3      | Reached XP level 6. HP: 61/61 MP: 4/8
  2110 | D:4      | Reached XP level 7. HP: 62/67 MP: 10/10
  2363 | D:4      | Got a slimy dagger
  2364 | D:4      | Identified the +4 dagger of Harmony {holy, Str+2 Int+6} (You found it on level 4 of the Dungeon)
  3157 | D:5      | Entered Level 5 of the Dungeon
  3163 | D:5      | Reached XP level 8. HP: 67/74 MP: 10/12
  3280 | D:5      | Found Gumicoun's Armour Boutique.
  3299 | D:5      | Found a sparkling altar of Nemelex Xobeh.
  3995 | D:5      | Reached skill level 11 in Fighting
  3995 | D:5      | Reached XP level 9. HP: 76/81 MP: 14/14
  4590 | D:6      | Noticed Eustachio
  4604 | D:6      | Found a sand-covered staircase.
  4607 | D:6      | Killed Eustachio
  4639 | Ossuary  | Entered an ossuary
  4854 | Ossuary  | Reached skill level 5 in Throwing
  4854 | Ossuary  | Reached skill level 5 in Dodging
  4854 | Ossuary  | Reached skill level 5 in Shields
  4854 | Ossuary  | Reached skill level 5 in Unarmed Combat
  5076 | D:6      | Reached skill level 5 in Stealth
  5079 | D:6      | Noticed blobert's ghost (novice GrFi)
  5102 | D:6      | Killed blobert's ghost
  5102 | D:6      | Reached skill level 5 in Invocations
  5208 | D:6      | Found a white marble altar of Elyvilon.
  5241 | D:6      | Found a staircase to the Ecumenical Temple.
  5299 | Temple   | Entered the Ecumenical Temple
  5388 | Temple   | Became a worshipper of Gozag Ym Sagoz the Greedy
  5441 | D:6      | Found a hide-covered altar of Uskayaw.
  5519 | D:6      | Noticed Blork the orc
  5534 | D:6      | Killed Blork the orc
  5563 | D:6      | Reached XP level 10. HP: 88/88 MP: 17/17
  6399 | D:7      | Noticed Menkaure
  6422 | D:7      | Killed Menkaure
  6479 | D:7      | Reached skill level 5 in Short Blades
  6479 | D:7      | Reached skill level 5 in Long Blades
  6479 | D:7      | Reached skill level 5 in Axes
  6479 | D:7      | Reached skill level 5 in Maces & Flails
  6479 | D:7      | Reached skill level 5 in Polearms
  6479 | D:7      | Reached skill level 5 in Staves
  6479 | D:7      | Reached skill level 5 in Slings
  6479 | D:7      | Reached skill level 5 in Bows
  6479 | D:7      | Reached skill level 5 in Crossbows
  6479 | D:7      | Reached skill level 5 in Armour
  6479 | D:7      | Reached skill level 5 in Spellcasting
  6479 | D:7      | Reached skill level 5 in Evocations
  6696 | D:7      | Found a burning altar of Makhleb.
  6696 | D:7      | Found an ornate altar of the Wu Jian Council.
  6697 | D:7      | Found a deep blue altar of Sif Muna.
  6725 | D:8      | Noticed a two-headed ogre
  6754 | D:7      | Killed a two-headed ogre
  7018 | D:8      | Noticed blobert's ghost (novice GrFi)
  7216 | D:8      | Killed blobert's ghost
  7216 | D:8      | Reached XP level 11. HP: 72/95 MP: 19/19
  7822 | D:9      | Found a staircase to the Lair.
  7945 | D:9      | Found Ynaotee's Weapon Shoppe.
  7953 | D:9      | Bought a +0 triple sword for 120 gold pieces
  8511 | D:10     | Entered Level 10 of the Dungeon
  8573 | D:10     | Noticed a fire dragon
  8584 | D:10     | Killed a fire dragon
  8584 | D:10     | Reached skill level 5 in Conjurations
  8584 | D:10     | Reached skill level 5 in Hexes
  8584 | D:10     | Reached skill level 5 in Charms
  8584 | D:10     | Reached skill level 5 in Summonings
  8584 | D:10     | Reached skill level 5 in Necromancy
  8584 | D:10     | Reached skill level 5 in Translocations
  8584 | D:10     | Reached skill level 5 in Transmutations
  8584 | D:10     | Reached skill level 5 in Fire Magic
  8584 | D:10     | Reached skill level 5 in Ice Magic
  8584 | D:10     | Reached skill level 5 in Air Magic
  8584 | D:10     | Reached skill level 5 in Earth Magic
  8584 | D:10     | Reached skill level 5 in Poison Magic
  8768 | D:10     | Noticed a wolf spider
  8769 | D:10     | Found the cursed necklace of Bloodlust {*Rage +Rage MR++ Int-3 Slay+6 *Curse}
  8769 | D:10     | Noticed a stone giant
  8775 | D:10     | Killed a wolf spider
  8778 | D:10     | HP: 4/95 [stone giant (19)]
  8778 | D:10     | Slain by a stone giant

Vault maps used:
D:1:      minmay_arrival_floating_metal
D:3:      first_ration, kennysheep_small_spiral, uniq_grinder
D:4:      minmay_misc_feat_five
D:5:      minmay_goblin_kobold_castle, lemuel_round_altar, serial_shops,
          nicolae_shop_competitors_out_of_business
D:6:      elyvilon_altar_5, eat_drink_and_be_merry_uskayaw,
          minmay_temple_entry_glass, enter_ossuary_3, uniq_blork_the_orc,
          uniq_eustachio
D:7:      gammafunk_temple_overflow_claw, grunt_livestock, kennysheep_doodads,
          uniq_menkaure
D:9:      david_lair_shrubbed, serial_shops, shop
D:10:     minmay_the_grid_3x3, enter_bailey_2
Temple:   eino_temple_scatter_basement
Ossuary:  ossuary_zaba_flooded

Skill      XL: |  1  2  3  4  5  6  7  8  9 10 11 |
---------------+----------------------------------+-----
Fighting       | 11 | 11.9
Invocations    | 1 2 3 4 5 6 |  6.8
Short Blades   | 1 2 3 4 5 6 |  6.2
Long Blades    | 1 2 3 4 5 6 |  6.2
Axes           | 1 2 3 4 5 6 |  6.2
Maces & Flails | 1 2 3 4 5 6 |  6.2
Polearms       | 1 2 3 4 5 6 |  6.2
Staves         | 1 2 3 4 5 6 |  6.2
Slings         | 1 2 3 4 5 6 |  6.2
Bows           | 1 2 3 4 5 6 |  6.2
Crossbows      | 1 2 3 4 5 6 |  6.2
Armour         | 1 2 3 4 5 6 |  6.2
Spellcasting   | 1 2 3 4 5 6 |  6.2
Evocations     | 1 2 3 4 5 6 |  6.2
Throwing       | 3 4 5 6 |  6.8
Dodging        | 3 4 5 6 |  6.8
Stealth        | 3 4 5 6 |  6.7
Shields        | 3 4 5 6 |  6.8
Unarmed Combat | 3 4 5 6 |  6.8
Conjurations   | 1 2 3 4 5 |  5.1
Hexes          | 1 2 3 4 5 |  5.1
Charms         | 1 2 3 4 5 |  5.1
Summonings     | 1 2 3 4 5 |  5.1
Necromancy     | 1 2 3 4 5 |  5.1
Translocations | 1 2 3 4 5 |  5.1
Transmutations | 1 2 3 4 5 |  5.1
Fire Magic     | 1 2 3 4 5 |  5.1
Ice Magic      | 1 2 3 4 5 |  5.1
Air Magic      | 1 2 3 4 5 |  5.1
Earth Magic    | 1 2 3 4 5 |  5.1
Poison Magic   | 1 2 3 4 5 |  5.1

Action                   |  1- 3 |  4- 6 |  7- 9 | 10-12 || total
-------------------------+-------+-------+-------+-------++-------
Melee: Dagger            |   149 |   182 |   650 |   424 ||  1405
       Bite              |    23 |    25 |   100 |    86 ||   234
       Triple sword      |       |       |       |    45 ||    45
Evoke: Wand              |       |       |       |     4 ||     4
  Use: Scroll            |     7 |     1 |    15 |     6 ||    29
       Potion            |       |     5 |     7 |     6 ||    18
 Stab: Sleeping          |     1 |       |       |       ||     1
       Invisible         |       |       |     3 |     1 ||     4
  Eat: Chunk             |     1 |     3 |     5 |       ||     9
       Ration            |       |       |     2 |     5 ||     7
Armor: Robe              |     1 |       |       |       ||     1
       Plate armour      |   109 |    96 |   284 |   241 ||   730
       Skin              |       |    13 |       |       ||    13
Dodge: Dodged            |    55 |    59 |   195 |   193 ||   502
Block: Buckler           |    30 |    43 |   132 |    87 ||   292
       Rpst.: Triple sword |       |       |       |    10 ||    10

Table legend:
 A = Spawn XP
 B = Non-spawn XP
 C = Spawn XP percentage of total XP
 D = Spawn monster count
 E = Non-spawn monster count
 F = Spawn count percentage of total count
 G = Total turns spent on level
                    A         B        C        D         E        F      G
               +---------+---------+-------+---------+---------+-------+---------
         Total |       0 |   13819 |   0.0 |       0 |     284 |   0.0 |  8778
               +---------+---------+-------+---------+---------+-------+---------
           D:1 |       0 |      15 |   0.0 |       0 |       9 |   0.0 |   528
           D:2 |       0 |      69 |   0.0 |       0 |      27 |   0.0 |   689
           D:3 |       0 |     510 |   0.0 |       0 |      35 |   0.0 |   858
           D:4 |       0 |     564 |   0.0 |       0 |      27 |   0.0 |  1082
           D:5 |       0 |    1354 |   0.0 |       0 |      72 |   0.0 |  1430
           D:6 |       0 |    1390 |   0.0 |       0 |      21 |   0.0 |   749
           D:7 |       0 |    3036 |   0.0 |       0 |      20 |   0.0 |  1182
           D:8 |       0 |    2346 |   0.0 |       0 |      18 |   0.0 |   695
           D:9 |       0 |    1158 |   0.0 |       0 |      11 |   0.0 |   795
          D:10 |       0 |    2611 |   0.0 |       0 |      13 |   0.0 |   267
       Ossuary |       0 |     766 |   0.0 |       0 |      31 |   0.0 |   391
               +---------+---------+-------+---------+---------+-------+---------
